Map: Deathaura LE

Players

PtitDrogo

  • Race: Protoss Protoss
  • League: Grandmaster
  • Spawn Location: 5:00

HeroMarine - Winner!

  • Race: Terran Terran
  • League: Master
  • Spawn Location: 11:00

Event: DreamHack SC2 Masters 2020 Summer Europe

VOD

Have the link to the VOD?

Description

Time

  • Played on: July 2, 2020, 12:03 p.m.
  • Length: 8:40

All games in this series

Show
View Real Time Build Order
Export as new Build Order

PtitDrogo Protoss 

Build Orders: 1 Gate Expand, Blink Stalkers 

Get SALT Encoding   

  12  0:00  Probe  
  13  0:12  Probe  
  14  0:16  Pylon  
  14  0:24  Probe  
  15  0:32  Probe  
  15  0:34  Gateway  
  15  0:40  Probe  
  16  0:46  Assimilator  
  17  0:51  Probe  
  18  1:03  Probe  
  19  1:15  Probe  
  20  1:21  Cybernetics Core  
  20  1:31  Nexus  
  20  1:36  Pylon  
  20  1:40  Probe  
  20  1:46  Assimilator  
  21  1:47  Adept  
  21  1:52  Probe  
  24  2:01  Shield Battery  
  24  2:04  Warp Gate  
  24  2:06  Probe  
  24  2:08  Stalker  
  25  2:18  Probe  
  28  2:30  Probe  
  28  2:34  Twilight Council  
  29  2:41  Probe  
  29  2:42  Probe  
  30  2:49  Stalker, Probe  
  33  2:55  Probe  
  35  3:00  Robotics Facility, Probe  
  36  3:07  Probe  
  36  3:12  Probe  
  38  3:13  Blink  
  38  3:23  Probe  
  37  3:27  Probe  
  37  3:31  Gateway  
  37  3:33  Gateway  
  38  3:36  Probe  
  38  3:39  Probe  
  38  3:41  Observer  
  40  3:47  Pylon  
  40  3:48  Probe  
  42  3:51  Probe  
  42  3:53  Stalker  
  45  4:00  Probe  
  45  4:01  Assimilator  
  46  4:03  Assimilator  
  46  4:04  Observer  
  46  4:05  Probe  
  46  4:08  Pylon  
  48  4:12  Probe  
  49  4:17  Probe  
  49  4:22  Nexus  
  50  4:26  Pylon  
  52  4:32  Pylon  
  52  4:34  Stalker  
  47  4:45  Probe  
  39  4:55  Probe  
  39  4:57  Probe  
  38  5:05  Stalker  
  40  5:07  Probe  
  40  5:09  Probe  
  42  5:15  Probe  
  43  5:21  Probe  
  43  5:22  Forge  
  43  5:23  Probe  
  43  5:27  Stalker  
  47  5:32  Probe  
  47  5:33  Probe x2  
  47  5:34  Stalker  
  51  5:40  Probe  
  52  5:46  Probe x2  
  55  5:55  Observer  
  55  5:57  Probe  
  55  5:58  Probe  
  55  6:02  Probe  
  54  6:04  Protoss Ground Weapons Level 1  
  54  6:06  Robotics Bay, Probe  
  54  6:09  Charge, Probe  
  56  6:14  Probe  
  56  6:16  Probe  
  56  6:21  Probe  
  54  6:28  Probe x2  
  54  6:31  Probe  
  54  6:33  Stalker  
  54  6:34  Stalker x2  
  54  6:36  Probe  
  54  6:39  Probe  
  61  6:40  Colossus  
  61  6:41  Probe  
  61  6:44  Probe  
  64  6:48  Probe  
  64  6:53  Probe  
  73  6:55  Extended Thermal Lance, Probe  
  73  7:00  Probe  
  75  7:05  Probe  
  75  7:06  Sentry  
  75  7:07  Probe  
  79  7:12  Probe  
  80  7:17  Pylon  
  80  7:18  Gateway, Colossus  
  80  7:19  Gateway  
  80  7:21  Gateway, Shield Battery  
  80  7:25  Shield Battery  
  76  7:34  Zealot x2  
  76  7:35  Zealot  
  86  7:39  Probe x3  
  86  7:40  Assimilator, Templar Archives  
  86  7:43  Assimilator  
  89  7:51  Probe x2  
  91  7:52  Probe  
  91  7:57  Zealot x3  
  98  8:01  Pylon  
  98  8:03  Probe  
  98  8:04  Gateway  
  99  8:06  Gateway  
  99  8:17  Stalker x4  
  99  8:18  Stalker x2  
Show
View Real Time Build Order
Export as new Build Order

HeroMarine Terran - Winner!

Build Orders:  

Get SALT Encoding   

  12  0:00  SCV  
  13  0:12  SCV  
  14  0:17  Supply Depot  
  14  0:24  SCV  
  15  0:38  SCV  
  15  0:40  Barracks  
  16  0:43  Refinery  
  16  0:50  SCV  
  17  1:02  SCV  
  18  1:14  SCV  
  19  1:27  Orbital Command, Marine  
  20  1:40  Command Center  
  20  1:45  Barracks Reactor  
  20  1:53  SCV  
  21  1:56  Supply Depot  
  21  2:04  Factory  
  21  2:05  SCV  
  22  2:17  SCV  
  22  2:21  Marine x2  
  25  2:29  SCV  
  26  2:30  Refinery  
  26  2:41  SCV  
  27  2:53  Starport, SCV  
  27  2:54  Orbital Command  
  27  2:57  Hellion x2  
  32  3:04  Barracks Tech Lab  
  32  3:05  SCV  
  32  3:08  Bunker  
  33  3:17  SCV  
  33  3:18  Hellion x2  
  38  3:26  SCV  
  36  3:29  Medivac  
  36  3:30  SCV  
  39  3:34  Supply Depot  
  39  3:38  SCV  
  40  3:42  SCV  
  40  3:46  Siege Tank  
  44  3:48  Barracks  
  44  3:50  SCV  
  44  3:53  Marine  
  44  3:55  Marine, SCV  
  46  4:02  Supply Depot, SCV  
  49  4:08  SCV  
  50  4:11  Marine  
  50  4:13  Marine, Barracks  
  50  4:14  Starport Tech Lab, SCV  
  53  4:20  Engineering Bay, SCV  
  53  4:24  Siege Tank  
  57  4:28  SCV  
  57  4:30  Refinery  
  58  4:32  SCV  
  59  4:40  SCV  
  59  4:41  Marine x2  
  62  4:50  SCV  
  62  4:52  SCV  
  62  4:59  Terran Infantry Weapons Level 1, Marine x2  
  56  5:00  Stimpack, Marauder  
  56  5:02  SCV, Barracks Tech Lab  
  56  5:04  SCV  
  56  5:06  Supply Depot  
  56  5:07  Supply Depot  
  61  5:14  SCV  
  61  5:17  Command Center, SCV  
  62  5:21  Refinery  
  62  5:27  Marine x2  
  62  5:28  Marauder x2  
  68  5:33  Siege Tank, Supply Depot  
  68  5:35  SCV x2  
  73  5:41  Supply Depot  
  73  5:43  Starport Reactor  
  73  5:45  Marine x2  
  73  5:49  Marauder  
  78  5:50  SCV  
  78  5:53  Supply Depot  
  78  5:54  SCV  
  81  6:02  SCV  
  80  6:05  Siege Tank  
  80  6:06  SCV  
  80  6:08  Barracks x2  
  80  6:09  Marine x2  
  80  6:10  Missile Turret  
  86  6:14  SCV  
  86  6:15  Barracks Tech Lab  
  87  6:19  Marauder, SCV  
  87  6:25  Medivac x2  
  91  6:26  SCV  
  91  6:27  Marine x2  
  91  6:31  SCV  
  96  6:38  Marauder, SCV  
  99  6:41  Marauder  
  99  6:43  Siege Tank, SCV, Combat Shield  
  103  6:47  Orbital Command  
  103  6:49  Marine  
  103  6:50  SCV  
  103  6:53  Supply Depot  
  105  6:55  SCV  
  105  6:58  Missile Turret  
  105  6:59  Medivac  
  108  7:02  SCV, Medivac  
  108  7:06  Supply Depot, Barracks Reactor, Barracks Tech Lab  
  111  7:08  Concussive Shells  
  111  7:11  SCV  
  111  7:14  Marauder, SCV  
  111  7:15  Marauder, SCV  
  116  7:16  Marine  
  116  7:17  Marine  
  119  7:23  SCV  
  119  7:26  SCV  
  119  7:28  SCV  
  121  7:30  Marauder  
  121  7:32  Siege Tank  
  121  7:34  Marine  
  121  7:35  Marine, SCV  
  121  7:36  Refinery, Marauder  
  131  7:37  Refinery  
  131  7:38  SCV  
  131  7:39  Supply Depot  
  131  7:41  SCV  
  131  7:42  Supply Depot  
  133  7:49  Supply Depot  
  133  7:50  Marine x2, Missile Turret  
  133  7:51  Marauder, SCV  
  138  7:52  Marauder, Marine  
  141  8:00  Marine  
  141  8:01  Marauder  
  141  8:03  Armory  
  141  8:04  Medivac  
  146  8:06  Medivac  
  148  8:12  Marauder  
  147  8:20  Marine x3  
  147  8:23  Command Center  
Tags
 
Add a new tag
Caveats
  • Supply blocks, unpowered buildings, or Contaminate may cause inaccurate times.
  • Supply counts are checked every 10 seconds.